cohdb
Replays
Latest Replays
All Replays
Popular Replays
Top Player Replays
Match Explorer
How It Works
Community
CoH3 Stats
Reddit
Sign in to upload your games and track your stats! →
Sign in with Steam
Match 45373246
Unlisted
Match 45373246
Overview
Messages
Build Orders
End
Selects Armored Battlegroup
Selects Assault Engineers
Engineer Squad
Assault Engineer Squad
Assault Engineer Squad
Assault Engineer Squad
Assault Engineer Squad
Infantry Support Center
Construct Weapon Support Center
M3 Armored Personnel Carrier
Selects Fast Deploy
Construct Medical Station
M1919 Machine Gun Team
M3 Armored Personnel Carrier
Bazooka Squad
Bazooka Squad
Improved M9 Bazooka Rockets
FeriG
流星の双子
0
0
Comments
sign in to comment!
No comments posted yet!